 Dungeon Crawl Stone Soup version 0.24.0-125-gc4c63601f3 (webtiles) character file.

Game seed: 11575649997297875017, levelgen mode: deterministic

200 Descartes the Sneak (level 5, -3/22 HPs)
             Began as a Felid Wanderer on Feb 20, 2020.
             Slain by a gnoll
             ... wielding a +2 spear of flaming
              (6 damage)
             ... on level 4 of the Dungeon.
             The game lasted 00:13:58 (5342 turns).

Descartes the Sneak (Felid Wanderer)                Turns: 5342, Time: 00:13:59

Health: -3/22      AC:  2    Str:  9    XL:     5   Next: 49%
Magic:  5/10       EV: 18    Int: 18    God:
Gold:   22         SH:  0    Dex: 12    Spells: 5/10 levels left
                                        Lives:  0   Deaths: 1

rFire    . . .     SeeInvis +     - Unarmed
rCold    . . .     Gourm    .   (shield unavailable)
rNeg     + . .     Faith    .   (armour unavailable)
rPois    .         Spirit   .   (helmet unavailable)
rElec    .         Reflect  .   (cloak unavailable)
rCorr    .         Harm     .   (gloves unavailable)
MR       +....                  (boots unavailable)
Stlth    +++.......             a - amulet of magic regeneration
HPRegen  0.07/turn              g - ring of positive energy
MPRegen  0.37/turn              m - ring of protection from magic

@: very slightly contaminated, quick
A: very small, no armour, no weapons or thrown items, stealth, claws 1, fangs 3,
see invisible, carnivore, speed 1, shaggy fur 2, slow metabolism 1, sharp paws
a: no special abilities


You were on level 4 of the Dungeon.
You were very full.

You visited 1 branch of the dungeon, and saw 4 of its levels.

You collected 169 gold pieces.
You spent 147 gold pieces at shops.

Inventory:

Missiles
 c - 97 stones
 e - 49 arrows
Jewellery
 a - an amulet of magic regeneration (around neck)
 g - a ring of positive energy (left paw)
 m - a ring of protection from magic (right paw)
Scrolls
 b - 5 scrolls of teleportation
 f - a scroll of fear
 j - a scroll of fog
 o - 4 scrolls of amnesia
 w - a scroll of silence {unknown}
Potions
 h - a potion of curing {unknown}
 i - a potion of flight {unknown}
 k - a potion of agility {unknown}
 l - 2 potions of berserk rage {unknown}
 p - a potion of heal wounds {unknown}
 q - a potion of mutation {unknown}
Comestibles
 d - 7 rations


   Skills:
 + Level 1.0 Fighting
 + Level 3.2 Dodging
 + Level 4.6 Stealth
 * Level 4.1 Unarmed Combat
 + Level 3.2 Spellcasting
 + Level 2.1 Conjurations
 + Level 3.7 Translocations
   Level 1.1 Evocations


You had 5 spell levels left.
You knew the following spells:

 Your Spells              Type           Power        Failure   Level  Hunger
a - Magic Dart            Conj           ##..         7%          1    None
b - Blink                 Tloc           N/A          5%          2    ##.....
c - Shroud of Golubria    Chrm/Tloc      #.....       11%         2    ##.....

Your spell library contained the following spells:

 Spells                   Type           Power        Failure   Level  Hunger
 Call Imp                 Summ           #.......     24%         2    ##.....
 Slow                     Hex            #.......     24%         2    ##.....
 Conjure Flame            Conj/Fire      #.......     30%         3    ###....
 Mephitic Cloud           Conj/Pois/Air  #.......     34%         3    ###....


Dungeon Overview and Level Annotations

Branches:
Dungeon (4/15)
 Temple: D:4-7

Altars:
Ashenzari
Dithmenos
Wu Jian

Shops:
D:4 *


Innate Abilities, Weirdness & Mutations

You cannot wear armour.
You are incapable of wielding weapons or throwing items.
Your paws allow you to move quietly. (Stealth)
You have sharp claws.
You have razor-sharp teeth.
You have supernaturally acute eyesight. (SInv)
You are carnivorous and can eat meat at any time.
You cover ground quickly.
You are covered in thick fur. (AC +2)
You have a slow metabolism.
Your sharp claws are effective at attacking unaware monsters.


Message History

Casting: Magic Dart (safe; 7% risk of failure)
Confirm with . or Enter, or press ? or * to list all spells.
Aiming: Magic Dart (safe; 7% risk of failure)
Press: ? - help, Shift-Dir - straight line, f/p - gnoll shaman
Aim: a gnoll shaman, wielding a +0 whip and wearing a +0 leather armour (moderately wounded)
You miscast Magic Dart.
Nothing appears to happen.
The gnoll hits you from afar with a +2 spear of flaming!
Ouch! That really hurt!
The gnoll burns you.
* * * LOW HITPOINT WARNING * * *
The gnoll shaman barely misses you. The gnoll completely misses you.
Casting: Magic Dart (safe; 7% risk of failure)
Confirm with . or Enter, or press ? or * to list all spells.
Aiming: Magic Dart (safe; 7% risk of failure)
Press: ? - help, Shift-Dir - straight line, f/p - gnoll shaman
Aim: a gnoll shaman, wielding a +0 whip and wearing a +0 leather armour (moderately wounded)
The magic dart hits the gnoll shaman.
The gnoll shaman is heavily wounded.
The gnoll hits you from afar with a +2 spear of flaming.
You die...

############ #..........#
#..#######.# #..# #.# #..# #.##
###..#######..# ..#..#........#
#########******
..#..#......).#####........,,,,,,
..#..#..........@gg.#######,*****
..#..#........#####.#******,*****
###..#######..# #.....#*,,,,,,,
#..# #..# #.###.##,****** #..#
#### #g#,,..#,* ****
#..#######.######.#....#,* *,,,
#..........##..........#,* *,**
#.####.##..##.#####....#,***,**
#.# #.#...........#*###,*,,,,,


You could see a gnoll shaman and a gnoll.

Vanquished Creatures
  Sigmund (D:3)
  A worker ant (D:4)
  A howler monkey skeleton (D:2)
  4 gnolls
  4 adders
  An ooze (D:1)
  2 adder skeletons (D:2)
  A worm (D:4)
  A dart slug (D:1)
  3 leopard geckos
  6 orcs (D:3)
  2 bat skeletons (D:2)
  A bat zombie (D:2)
  2 giant cockroaches
  10 goblins
  7 hobgoblins
  11 jackals
  3 quokkas
  A ball python (D:1)
  10 bats
  6 frilled lizards
  A jackal skeleton (D:2)
  10 kobolds
  A quokka skeleton (D:2)
  6 rats
96 creatures vanquished.

Notes
Turn   | Place    | Note
-------+----------+-------------------------------------------
     0 | D:1      | Descartes the Felid Wanderer began the quest for the Orb.
     0 | D:1      | Descartes set off with the following items: a scroll of
                  | teleportation, a ration; and the following spell memorised:
                  | Magic Dart; and the following spells available to memorise:
                  | Blink, Shroud of Golubria, Call Imp, Slow, Conjure Flame,
                  | Mephitic Cloud
     0 | D:1      | Reached XP level 1. HP: 9/9 MP: 4/4
   357 | D:1      | Reached XP level 2. HP: 9/12 MP: 1/6
   553 | D:1      | Reached skill level 1 in Dodging
   988 | D:1      | Learned a level 2 spell: Blink
  1026 | D:1      | Reached XP level 3. HP: 6/15 MP: 4/7
  1923 | D:2      | Reached skill level 1 in Conjurations
  2195 | D:2      | Reached XP level 4. HP: 19/19 MP: 4/8
  2702 | D:2      | Found an ornate altar of the Wu Jian Council.
  3331 | D:2      | Found a shattered altar of Ashenzari.
  3987 | D:3      | Reached XP level 5. HP: 21/22 MP: 5/10
  4013 | D:3      | Found a shadowy altar of Dithmenos.
  4273 | D:3      | Found a faded altar of an unknown god.
  4574 | D:3      | Noticed Sigmund
  4597 | D:3      | Killed Sigmund
  4597 | D:3      | Gained mutation: You are covered in thick fur. (AC +2)
                  | [Felid growth]
  4597 | D:3      | Reached XP level 6. HP: 8/25 MP: 11/11
  4976 | D:4      | Learned a level 2 spell: Shroud of Golubria
  5136 | D:4      | Found Ekane's Assorted Antiques.
  5141 | D:4      | Bought a scroll labeled ZETHRE FOERO FUULL for 30 gold
                  | pieces
  5141 | D:4      | Bought a yellow potion for 27 gold pieces
  5141 | D:4      | Bought a scroll labeled MOLIVE XOIGH for 30 gold pieces
  5141 | D:4      | Bought a scroll labeled COANEOQAHE for 30 gold pieces
  5141 | D:4      | Bought a scroll labeled ZAMADI UTIRGHAI for 30 gold pieces
  5208 | D:4      | HP: 1/25 [poisoned by a worker ant]
  5209 | D:4      | Succumbed to a worker ant's poison
  5210 | D:4      | Reached XP level 5. HP: 0/22 MP: 10/10
  5342 | D:4      | Slain by a gnoll

Levels and vault maps discovered:
D:1:      dpeg_arrival_tiny_d, layout_basic
D:2:      layout_basic, marbit_many_paths, ashenzari_conservatory_becter,
          serial_undead, serial_undead_b, serial_undead_e, serial_undead_a,
          serial_undead_e, serial_undead_a, serial_undead_b, serial_undead_d,
          serial_undead_e, serial_undead_d, serial_undead_b, minmay_octomino_e4
D:3:      layout_basic, grunt_dithmenos_smoke_and_mirrors, first_ration,
          chequers_ecumenical_altar_island, minmay_fountain_box, uniq_sigmund
D:4:      layout_loops_ring, serial_shops, shop_statue, serial_co_window_serial,
          co_window_paths_a, co_window_of_opportunity_a, co_window_corner_a,
          co_window_cross_1, co_window_corner_a, co_window_paths_b,
          co_window_paths_a, co_window_unsneaky_path_d, co_window_cross_4,
          co_window_unsneaky_path_c, glass_columns_b, glass_columns_c,
          glass_columns_a

Skill      XL: |  1  2  3  4  5 |
---------------+----------------+-----
Stealth        | 3 4 |  4.6
Dodging        | 1 2 3 |  3.2
Conjurations   | 1 2 |  2.1
Translocations | 2 3 |  3.7
Unarmed Combat | 4 |  4.1
Spellcasting   | 3 |  3.2
Fighting       | |  1.0
Evocations     | |  1.1

Action                   |  1- 3 |  4- 6 || total
-------------------------+-------+-------++-------
Melee: Unarmed           |    76 |    46 ||   122
       Bite              |     4 |     4 ||     8
 Cast: Magic Dart        |   109 |   181 ||   290
  Use: Scroll            |       |     7 ||     7
       Potion            |       |     1 ||     1
  Eat: Chunk             |    11 |    12 ||    23
Armor: Skin              |     9 |     8 ||    17
Dodge: Dodged            |    96 |    68 ||   164
